 Dungeon Crawl Stone Soup version 0.26-a0-660-gc07710193c (webtiles) character file.

Game seed: 4377934294014807920

16936 Demosthentine the Slinger (level 12, -10/86 HPs)
             Began as a Halfling Hunter on Oct 4, 2020.
             Was an Elder of Ru.
             Killed from afar by an ice dragon (45 damage)
             ... with a blast of cold
             ... on level 11 of the Dungeon on Oct 5, 2020.
             The game lasted 00:24:45 (17268 turns).

Demosthentine the Slinger (Halfling Hunter)        Turns: 17268, Time: 00:24:45

Health: -10/86     AC: 13    Str: 13    XL:     12   Next: 76%
Magic:  12/12      EV: 26    Int:  9    God:    Ru [****..]
Gold:   734        SH:  0    Dex: 26    Spells: 11/11 levels left

rFire    . . .     SeeInvis .   a - +2 hunting sling
rCold    . . .     Faith    .   (shield restricted)
rNeg     . . .     Spirit   .   m - +0 leather armour
rPois    .         Reflect  .   c - +1 helmet
rElec    .         Harm     .   n - +2 cloak
rCorr    +         Rampage  .   S - +2 pair of gloves
MR       .....                  (no boots)
Stlth    ++........             (no amulet)
HPRegen  0.24/turn              N - ring of resist corrosion
MPRegen  0.13/turn              O - +6 ring of dexterity

@: hasted, very quick
A: small, mutation resistance 1, screaming 1, inability to use devices, magic
vulnerability 1
a: Draw Out Power, Power Leap, Renounce Religion


You were on level 11 of the Dungeon.
You worshipped Ru.
Ru was greatly pleased with you.
You visited 2 branches of the dungeon, and saw 13 of its levels.
You also visited: Sewer and Ossuary.

You collected 734 gold pieces.

Inventory:

Hand Weapons
 a - a +2 hunting sling (weapon)
Missiles
 f - 24 stones (quivered)
 x - 15 poisoned darts
 A - 9 boomerangs
Armour
 c - a +1 helmet (worn)
 m - a +0 leather armour (worn)
 n - a +2 cloak (worn)
 z - the +3 scale mail of Xoilafom {rElec}
   (You found it on level 4 of the Dungeon)

   It insulates you from electricity.
 S - a +2 pair of gloves (worn)
Jewellery
 N - a ring of resist corrosion (left hand)
 O - a +6 ring of dexterity (right hand)
Scrolls
 l - 9 scrolls of remove curse
 o - 3 scrolls of teleportation
 q - 3 scrolls of enchant armour
 r - 4 scrolls of amnesia
 s - 3 scrolls of immolation
 E - 3 scrolls of magic mapping
 F - 2 scrolls of fear
 H - 3 scrolls of identify
 J - a scroll of summoning
 R - a scroll of blinking
Potions
 b - a potion of might
 e - 2 potions of resistance
 g - 2 potions of brilliance
 h - 3 potions of magic
 i - 5 potions of lignification
 k - 4 potions of stabbing
 p - a potion of heal wounds
 t - 4 potions of berserk rage
 u - 2 potions of ambrosia
 w - a potion of cancellation
 D - a potion of mutation
 M - a potion of degeneration


   Skills:
 + Level 9.5 Fighting
 + Level 14.7 Slings
 + Level 10.9 Armour
 + Level 11.1 Dodging
 - Level 1.1 Stealth


You had 11 spell levels left.
You didn't know any spells.
Your spell library contained the following spells:

 Spells                   Type           Power        Failure   Level
 Beastly Appendage        Tmut           #.....       43%         1
 Corona                   Hex            #......      43%         1
 Freeze                   Ice            #...         43%         1
 Magic Dart               Conj           #...         43%         1
 Sting                    Tmut/Pois      #...         43%         1
 Blink                    Tloc           N/A          58%         2
 Call Imp                 Summ           #.......     58%         2
 Ensorcelled Hibernation  Hex/Ice        #.....       58%         2
 Poisonous Vapours        Pois/Air       #.....       58%         2
 Searing Ray              Conj           #.....       58%         2
 Slow                     Hex            #.......     58%         2
 Wereblood                Tmut           #.......     58%         2
 Confusing Touch          Hex            #.......     82%         3
 Conjure Flame            Conj/Fire      #.......     82%         3
 Dazzling Flash           Conj/Hex       #.....       82%         3
 Frozen Ramparts          Ice            #.....       82%         3
 Gell's Gravitas          Tloc           #.........   82%         3
 Ignite Poison            Fire/Tmut/Pois #.......     82%         3
 Mephitic Cloud           Conj/Pois/Air  #.......     82%         3
 Ozocubu's Armour         Ice            #.......     82%         3
 Spider Form              Tmut/Pois      #.........   82%         3
 Tukima's Dance           Hex            #.......     82%         3
 Fulminant Prism          Conj/Hex       #.........   99%         4
 Hailstorm                Conj/Ice       #.......     99%         4
 Ice Form                 Ice/Tmut       #.......     99%         4
 Iskenderun's Mystic Bla  Conj/Tloc      #.......     99%         4
 Olgreb's Toxic Radiance  Pois           #.......     99%         4
 Petrify                  Tmut/Erth      #.......     99%         4
 Summon Ice Beast         Ice/Summ       #.......     99%         4
 Summon Lightning Spire   Summ/Air       #.......     99%         4
 Blade Hands              Tmut           #.........   100%        5
 Metabolic Englaciation   Hex/Ice        #.........   100%        5
 Silence                  Hex/Air        #.........   100%        5
 Yara's Violent Unravell  Hex/Tmut       #.........   100%        5
 Conjure Ball Lightning   Conj/Air       #.........   100%        6
 Tornado                  Air            #.........   100%        9


Dungeon Overview and Level Annotations

Branches:
Dungeon (12/15)            Temple (1/1) D:5            Lair (0/6) D:9
  Sewer (visited)         Ossuary (visited)
    Orc: D:9-12

Altars:
Ashenzari
Cheibriados
Dithmenos
Elyvilon
Fedhas
Gozag
Hepliaklqana
Kikubaaqudgha
Makhleb
Nemelex Xobeh
Okawaru
Qazlal
Ru
Sif Muna
Trog
Uskayaw
Vehumet
Wu Jian
Xom
Yredelemnul
Zin
The Shining One
Lugonu

Shops:
D:7 (

Annotations:
D:11 exclusion: obsidian statue
D:12 Rupert


Innate Abilities, Weirdness & Mutations

You are small and have problems with some larger weapons.
You are somewhat resistant to further mutation.
You occasionally shout uncontrollably at your foes.
You cannot study or use magical devices.
You are slightly vulnerable to magic. (MR-)


Message History

Press: ? - help, Shift-Dir - straight line, f/p - ice dragon
Aim: an ice dragon (lightly wounded)
You shoot a sling bullet. The sling bullet hits the ice dragon!
The ice dragon is moderately wounded.
You redirect the ice dragon's attack!
Firing (i - inventory. (/) - cycle)
f - 26 stones (quivered)
Press: ? - help, Shift-Dir - straight line, f/p - ice dragon
Aim: an ice dragon (moderately wounded)
You shoot a stone.
The stone hits the ice dragon but does no damage.
The ice dragon is moderately wounded.
Firing (i - inventory. (/) - cycle)
f - 25 stones (quivered)
Press: ? - help, Shift-Dir - straight line, f/p - ice dragon
Aim: an ice dragon (moderately wounded)
You shoot a stone. The stone hits the ice dragon.
The ice dragon is moderately wounded.
The ice dragon breathes frost at you. The blast of cold hits you!!!
Ouch! That really hurt!
You die...

[..##.##/##†###...# #.#
##..##..#.#)###^#.###.#
..#.#####.##.##....##.######
####.##..###.##............#
...##..####.##......##.....#
##..#####..##..........#...#
#..[#######.......###.#...#
#<#.......((......# #.....#
#....######.(D>@### #.#...#
##.##..# ###.#..####.#...#
.......# #..#...##.#...#
.#####.## ##.###..#.#####
.#)QW#8.# #..###...#
.#Q{[o..# ##.# ##..#
.#)D:#8.# #.# #### .#####H##
#.# .......# #>#


You could see an ice dragon (catching breath).

Vanquished Creatures
  Erica (D:8)
  Nergalle (D:10)
  An unseen horror (D:11)
  Pikel (D:8)
  A harpy (shapeshifter) (D:11)
  3 manticores
  An ugly thing (D:11)
  2 cyclopes (D:11)
  Maurice (D:8)
  2 gargoyles (D:11)
  2 efreet (D:11)
  2 kobold demonologists (D:11)
  A troll (D:11)
  A tengu conjurer (D:11)
  A hornet (D:11)
  A vampire (D:9)
  A shadow (D:12)
  10 yaks
  Eustachio (D:6)
  Grum (D:8)
  3 wargs (D:9)
  8 orc warriors
  2 phantoms
  4 sky beasts
  4 black bears
  2 ice beasts
  2 wolves (D:8)
  4 centaurs
  3 ogres
  A lemure (D:8)
  3 big kobolds
  An elf zombie (Ossuary)
  9 bullfrogs
  4 scorpions (D:11)
  4 killer bees
  3 wights (D:8)
  4 howler monkeys
  3 bullfrog zombies
  5 centaur zombies
  8 hounds
  2 human zombies (Ossuary)
  15 orc wizards
  7 bullfrog skeletons
  8 orc priests
  A centaur skeleton (D:11)
  An iguana (D:5)
  8 worker ants
  A killer bee zombie (D:8)
  A big kobold zombie (Ossuary)
  2 hound zombies
  3 mummies (Ossuary)
  6 gnolls
  A howler monkey skeleton (D:7)
  17 adders
  A shadow imp (D:6)
  5 ufetubi
  3 oozes (Sewer)
  4 adder zombies (Ossuary)
  2 adder skeletons
  A worm (D:5)
  2 dart slugs (D:1)
  4 leopard geckos
  51 orcs
  3 ball pythons
  5 giant cockroaches
  9 goblins
  4 hobgoblins (D:3)
  11 jackals
  3 quokkas
  4 bats
  4 frilled lizards
  A goblin zombie (Ossuary)
  5 hobgoblin zombies (Ossuary)
  4 jackal zombies (Ossuary)
  23 kobolds
  5 kobold zombies (Ossuary)
  An orc zombie (Ossuary)
  3 quokka zombies (Ossuary)
  7 rats
  A rat zombie (Ossuary)
351 creatures vanquished.

Vanquished Creatures (others)
  An unseen horror (D:11)
  A meliai zombie (D:11)
  A wraith (D:12)
  A yak (D:11)
  2 orc warriors
  A jelly (D:11)
  A fungus (Sewer)
  7 plants
15 creatures vanquished.

Grand Total: 366 creatures vanquished

Notes
Turn   | Place    | Note
-------+----------+-------------------------------------------
     0 | D:1      | Demosthentine the Halfling Hunter began the quest for the
                  | Orb.
     0 | D:1      | Reached XP level 1. HP: 14/14 MP: 1/1
   137 | D:1      | Reached skill level 6 in Slings
   137 | D:1      | Reached XP level 2. HP: 12/19 MP: 2/2
  1261 | D:2      | Reached skill level 1 in Armour
  1378 | D:2      | Reached XP level 3. HP: 24/24 MP: 3/3
  1636 | D:2      | Found an opulent altar of Gozag.
  1738 | D:2      | Found a white marble altar of Elyvilon.
  1932 | D:3      | Reached XP level 4. HP: 27/30 MP: 4/4
  2139 | D:3      | Found an ornate altar of the Wu Jian Council.
  2301 | D:3      | Reached XP level 5. HP: 19/35 MP: 5/5
  2500 | D:3      | You fall into a shaft and drop 1 floor!
  2521 | D:4      | Found a sacrificial altar of Ru.
  2529 | D:4      | Became a worshipper of Ru the Awakened
  2557 | D:4      | Found a sand-covered staircase.
  2565 | Ossuary  | Entered an ossuary
  2782 | Ossuary  | Reached skill level 7 in Slings
  2782 | Ossuary  | Reached XP level 6. HP: 42/42 MP: 6/6
  3008 | Ossuary  | Reached XP level 7. HP: 42/46 MP: 7/7
  3322 | D:3      | Noticed a +0 hand axe
  3322 | D:3      | Noticed a +0 hand axe
  3326 | D:3      | Found a hide-covered altar of Uskayaw.
  3636 | D:4      | Found a shadowy altar of Dithmenos.
  3639 | D:4      | Gained mutation: You are slightly vulnerable to magic.
                  | (MR-) [Ru sacrifice]
  3639 | D:4      | Reached * piety under Ru
  4091 | D:4      | Reached skill level 8 in Slings
  4352 | D:4      | Got a slimy scale mail
  4386 | D:5      | Entered Level 5 of the Dungeon
  4653 | D:5      | Found a staircase to the Ecumenical Temple.
  4745 | D:5      | Reached skill level 5 in Dodging
  4745 | D:5      | Reached XP level 8. HP: 54/54 MP: 8/8
  4905 | D:5      | Found a glowing drain.
  4939 | Sewer    | Entered a sewer
  5524 | Temple   | Entered the Ecumenical Temple
  5609 | D:6      | Found a stormy altar of Qazlal.
  5714 | D:6      | Reached skill level 9 in Slings
  5714 | D:6      | Reached skill level 5 in Armour
  5730 | D:6      | Gained mutation: You occasionally shout uncontrollably at
                  | your foes. [Ru sacrifice]
  6077 | D:6      | Reached skill level 5 in Fighting
  6077 | D:6      | Reached XP level 9. HP: 12/61 MP: 9/9
  6401 | D:6      | Noticed Eustachio
  6497 | D:6      | Killed Eustachio
  6643 | D:6      | Found an iron altar of Okawaru.
  6913 | D:6      | Found a snail-covered altar of Cheibriados.
  7059 | D:7      | Reached skill level 10 in Slings
  7286 | D:7      | Found Oreov's Antique Weapon Boutique.
  7665 | D:7      | Found a basalt altar of Yredelemnul.
  7678 | D:7      | Found a shimmering blue altar of Sif Muna.
  7693 | D:7      | Found a glowing golden altar of the Shining One.
  7696 | D:7      | Found an ancient bone altar of Kikubaaqudgha.
  7841 | D:7      | Found a bloodstained altar of Trog.
  8267 | D:8      | Noticed Pikel
  8316 | D:8      | Killed Pikel
  8316 | D:8      | Reached skill level 11 in Slings
  8316 | D:8      | Reached XP level 10. HP: 46/69 MP: 10/10
  8945 | D:8      | Found a bloodstained altar of Trog.
  9010 | D:8      | Noticed Erica
  9153 | D:8      | Killed Erica
  9490 | D:8      | Noticed Maurice
  9568 | D:8      | Killed Maurice
  9836 | D:8      | Noticed Grum
  9864 | D:8      | Killed Grum
  9864 | D:8      | Reached skill level 12 in Slings
 10689 | D:8      | Identified the +3 scale mail of Xoilafom {rElec} (You found
                  | it on level 4 of the Dungeon)
 11102 | D:9      | Reached XP level 11. HP: 75/75 MP: 11/11
 12048 | D:9      | Found a staircase to the Lair.
 12375 | D:10     | Entered Level 10 of the Dungeon
 12805 | D:10     | Noticed a manticore
 13555 | D:10     | Reached skill level 13 in Slings
 13704 | D:10     | Noticed Nergalle
 13736 | D:10     | Killed Nergalle
 13959 | D:10     | Killed a manticore
 14404 | D:11     | Gained mutation: You cannot study or use magical devices.
                  | [Ru sacrifice]
 14404 | D:11     | Reached ** piety under Ru
 14404 | D:11     | Reached *** piety under Ru
 14404 | D:11     | Reached **** piety under Ru
 14419 | D:11     | Noticed an obsidian statue
 14446 | D:11     | Noticed a brown ugly thing
 14478 | D:11     | Killed a brown ugly thing
 14478 | D:11     | Reached skill level 10 in Dodging
 14778 | D:11     | Found a runed translucent door.
 14783 | D:11     | Noticed an ice dragon
 14783 | D:11     | Noticed a manticore
 14784 | D:11     | Noticed a manticore
 14898 | D:11     | Found a shadowy altar of Dithmenos.
 15145 | D:11     | Reached XP level 12. HP: 84/84 MP: 12/12
 15164 | D:11     | Reached skill level 10 in Armour
 15500 | D:11     | Killed an unseen horror
 15572 | D:11     | Reached skill level 14 in Slings
 16653 | D:11     | Killed an unseen horror
 16908 | D:12     | Noticed a six-headed hydra
 17189 | D:12     | Noticed Rupert
 17216 | D:12     | Upgraded the game from 0.26-a0-658-gbdda728c12 to
                  | 0.26-a0-660-gc07710193c
 17218 | D:12     | HP: 1/86 [Rupert/+2 battleaxe of venom (26)]
 17223 | D:12     | Paralysed by Rupert for 6 turns
 17268 | D:11     | Killed from afar by an ice dragon

Illustrated notes

Levels and vault maps discovered:
D:1:      sevenhm_arrival_forest_fort_large_2, layout_basic,
          serial_co_window_serial, co_window_paths_b, co_window_paths_a,
          co_window_paths_a, co_window_paths_a, co_window_paths_b,
          co_window_paths_a, co_window_cross_4, co_window_corner_ca,
          co_window_2corner, co_window_paths_c, roderic_lattice_a
D:2:      layout_rooms, old_standard_altar, grunt_gozag_statues, serial_forest,
          infiniplex_forest_clump_long, infiniplex_forest_end_1,
          infiniplex_forest_straight_3, infiniplex_forest_end_2,
          infiniplex_forest_corner_1, infiniplex_forest_lined_room_,
          infiniplex_forest_straight_5, infiniplex_forest_join
D:3:      layout_loops_cross, dancing_weapons_uskayaw, overflow_temple_1_default
D:4:      cheibrodos_old_hovel, layout_layer_cave, lemuel_round_altar,
          nicolae_ru_sacrificial_ziggurat, enter_ossuary_5
D:5:      layout_rooms, minmay_temple_entry_sparse_star,
          cheibrodos_sewer_entry_bend
D:6:      layout_basic, okawaru_ov_weapons_minmay, cheibriados_altar_1,
          overflow_temple_1_default, uniq_eustachio
D:7:      layout_cave_pods, grunt_temple_overflow_cloverleaf, serial_shops,
          kennysheep_mini, hangedman_decor_diamond_cutter, trog_ov_bears_minmay
D:8:      layout_loops_ring, old_standard_altar, minmay_checkerbox, uniq_grum,
          uniq_maurice, uniq_pikel, uniq_erica
D:9:      layout_cave_pools, erik_lair_orcish_takeover
D:10:     layout_basic, minmay_misc_feat_x, uniq_nergalle
D:11:     minmay_the_grid_octo_tiled_octocenter_mashed
          [minmay_the_grid_octo_fan_narrow, minmay_the_grid_octo_horde,
          minmay_the_grid_octo_empty, minmay_the_grid_octo_concentric,
          minmay_the_grid_octo_prize_ultimate_mussel_roller,
          minmay_the_grid_square_5x5_v, minmay_the_grid_square_5x5_meh,
          minmay_the_grid_square_5x5_dogpile,
          minmay_the_grid_square_5x5_bridge], layout_rooms, minmay_st_funbox,
          minivault_16, grunt_dithmenos_smoke
D:12:     layout_long_grid, zombieorc1_lemuel, serial_shops,
          nicolae_shop_overgrown_old_shop, uniq_rupert
Temple:   corrupted_temple

Skill      XL: |  1  2  3  4  5  6  7  8  9 10 11 12 |
---------------+-------------------------------------+-----
Fighting       | 2 3 4 5 6 7 8 9 |  9.5
Slings         | 6 7 8 9 11 12 13 14 | 14.7
Armour         | 1 2 3 4 5 7 8 9 10 | 10.9
Dodging        | 3 4 5 6 7 8 10 11 | 11.1
Stealth        | |  1.1

Action                   |  1- 3 |  4- 6 |  7- 9 | 10-12 || total
-------------------------+-------+-------+-------+-------++-------
Melee: Hunting sling     |       |       |       |     3 ||     3
 Fire: Hunting sling     |    85 |   218 |   692 |  1369 ||  2364
Invok: Sacrifice Essence |       |       |     1 |       ||     1
       Sacrifice Purity  |       |       |     1 |       ||     1
       Sacrifice Artific |       |       |       |     1 ||     1
Evoke: Wand              |       |       |       |     4 ||     4
  Use: Scroll            |     6 |     1 |    15 |    12 ||    34
       Potion            |       |       |     3 |     6 ||     9
Armor: Leather armour    |     3 |    20 |    52 |   106 ||   181
Dodge: Dodged            |    20 |    41 |   227 |   549 ||   837

Table legend: (Time is in decaauts)
 A = Elapsed time spent in this place.
 B = Non-inter-level travel time spent in this place.
 C = Inter-level travel time spent in this place.
 D = Time resting spent in this place.
 E = Time spent auto-exploring this place.
 F = Levels seen in this place.
 G = Mean time per level.
                   A        B        C        D        E       F      G
               +--------+--------+--------+--------+--------+-----+--------+
         Total |  16562 |  16030 |    532 |   2442 |  10627 |  15 | 1104.1 |
       Dungeon |  15604 |  15086 |    518 |   2442 |  10041 |  12 | 1300.3 |
        Temple |     41 |     28 |     13 |      0 |     27 |   1 |   41.0 |
         Sewer |    448 |    448 |      0 |      0 |    310 |   1 |  448.0 |
       Ossuary |    467 |    467 |      0 |      0 |    249 |   1 |  467.0 |
               +--------+--------+--------+--------+--------+-----+--------+

Top non-repeatable levels by time:
     D:8: 2840 daAuts
    D:11: 2240 daAuts
     D:9: 1587 daAuts
    D:10: 1536 daAuts
     D:6: 1291 daAuts
     D:1: 1253 daAuts
     D:4: 1141 daAuts
     D:7: 1035 daAuts
     D:3: 832 daAuts
     D:5: 723 daAuts
     D:2: 638 daAuts
    D:12: 482 daAuts
 Ossuary: 467 daAuts
   Sewer: 448 daAuts
  Temple: 41 daAuts
